 Dungeon Crawl Stone Soup version 0.30-b1-2-g02819fbbbe (webtiles) character file.

Game seed: 14713352832526101952

4 Mesmaeker13 the Grave Robber (level 1, 14/14 HPs)
             Began as an Armataur Necromancer on May 28, 2023.
             Got out of the dungeon alive.
             The game lasted 00:01:21 (207 turns).

Mesmaeker13 the Grave Robber (Armataur Necromancer)  Turns: 207, Time: 00:01:21

Health: 14/14      AC:  6    Str: 13    XL:     1   Next: 50%
Magic:  3/3        EV:  9    Int: 15    God:
Gold:   20         SH:  0    Dex: 10    Spells: 2/3 levels left

rFire   . . .        e - +0 sling
rCold   . . .        (no shield)
rNeg    . . .        a - +0 robe
rPois   .            (no helmet)
rElec   .            c - +1 cloak
rCorr   .            (no gloves)
SInv    .            (no barding)
Will    .....        (no amulet)
Stlth   ++           (no ring)
HPRegen 0.22/turn    (no ring)
MPRegen 0.08/turn

%: roll
@: no status effects
A: large, rugged brown scales 3, deformed body, armoured tail, roll, long
tongue, awkward tongue
a: no special abilities


You escaped.
You visited 1 branch of the dungeon, and saw 1 of its levels.

You collected 20 gold pieces.

Inventory:

Hand Weapons
 d - a +0 mace
 e - a +0 sling (weapon)
Armour
 a - a +0 robe (worn)
 c - a +1 cloak (worn)
Potions
 b - a potion of magic


   Skills:
 + Level 0.0 Ranged Weapons
 + Level 1.5 Dodging
 - Level 2.1 Stealth
 + Level 1.9 Spellcasting
 + Level 3.3 Necromancy


You had 2 spell levels left.
You knew the following spells:

 Your Spells              Type           Power      Damage    Failure   Level
a - Necrotise             Necr           44%        1d6       6%          1

Your spell library contained the following spells:

 Spells                   Type           Power      Damage    Failure   Level
 Vampiric Draining        Necr           11%        2d6       17%         3
 Animate Dead             Necr           11%        N/A       50%         4
 Agony                    Necr           11%        N/A       85%         5


Dungeon Overview and Level Annotations

Branches:
Dungeon (1/15)

Altars:


Innate Abilities, Weirdness & Mutations

You are completely covered in rugged brown scales. (AC +3, +7% HP)
Armour fits poorly on your strangely shaped body.
You have a long armoured tail.
You roll when moving toward enemies. (Rampage)
Your long tongue fully drains potion bottles. (2x potion effects)
Your tongue gives you trouble enunciating. (1.5x scroll delay)


Message History

A hobgoblin comes into view.
Things that are here:
a +0 whip; 4 stones You see here a rat corpse.
Your magical contamination has completely faded away.
You see here a +1 cloak.
c - a +1 cloak You start putting on your armour.
You continue putting on your +1 cloak. x4
You finish putting on your +1 cloak.
Your kobold skeleton crumbles into dust!
Found a mace.
You now have 20 gold pieces (gained 13).
The hobgoblin shouts!
Casting: Necrotise (safe; 6% risk of failure)
Confirm with . or Enter, or press ? or * to list all spells.
Aiming: Necrotise (safe; 6% risk of failure)
Press: ? - help, Shift-Dir - straight line, f - hobgoblin
Aim: a hobgoblin (chance to affect: 80%)
The hobgoblin writhes in agony.
Casting: Necrotise (safe; 6% risk of failure)
Confirm with . or Enter, or press ? or * to list all spells.
Aiming: Necrotise (safe; 6% risk of failure)
Press: ? - help, Shift-Dir - straight line, f/p - hobgoblin
Aim: a hobgoblin (severely wounded, chance to affect: 80%)
The hobgoblin writhes in agony.
You kill the hobgoblin!
You see here a +0 mace.
d - a +0 mace
d - a +0 mace (weapon)
You swap places.
Found a sling.
Found a stone staircase leading down.
You see here a +0 sling.
e - a +0 sling
e - a +0 sling (weapon)
Things that are here:
a +0 whip; 4 stones
There is a staircase leading out of the dungeon here.
Are you sure you want to leave the Dungeon?
This will make you lose the game!
You have escaped!

####.########.#
##.##
#.............#
#..#
#.#############
##.# # ######
####.#
##....####....#
#......##.....#
##..##..##..####
#....#..##..#
#.@..#..##..#
##..##..##..#
...##......#
...####....##
##### ######


There were no monsters in sight!

Vanquished Creatures
  A hobgoblin (D:1)
  A kobold (D:1)
  2 rats (D:1)
4 creatures vanquished.

Notes
Turn   | Place    | Note
-------+----------+-------------------------------------------
     0 | D:1      | Mesmaeker13 the Armataur Necromancer began the quest for
                  | the Orb.
     0 | D:1      | Reached XP level 1. HP: 14/14 MP: 3/3
   207 | D:$      | Got out of the dungeon alive.

Illustrated notes

Levels and vault maps discovered:
D:1:      minmay_arrival_wavy_path, layout_basic, item_on_display_b

Action                     || total
---------------------------++-------
  Melee: Unarmed           ||     2
         Tailslap          ||     1
   Cast: Necrotise         ||     5
  Dodge: Dodged            ||     1
